 Dungeon Crawl Stone Soup version 0.29.1-13-g9f3cf754e1 (webtiles) character file.

Game seed: 6490340797691509308

47 theswoord the Grave Robber (level 3, -9/24 HPs)
             Began as a Demonspawn Necromancer on Feb 5, 2023.
             Killed by divine providence
             ... invoked by an orc priest
              (12 damage)
             ... on level 3 of the Dungeon.
             The game lasted 00:04:37 (2109 turns).

theswoord the Grave Robber (Demonspawn Necromancer) Turns: 2109, Time: 00:04:39

Health: -9/24      AC:  6    Str:  8    XL:     3   Next: 48%
Magic:  0/7        EV: 12    Int: 18    God:
Gold:   225        SH:  0    Dex: 13    Spells: 5/7 levels left

rFire   . . .      SeeInvis .   f - +1 quarterstaff
rCold   . . .      Faith    .   (shield currently unavailable)
rNeg    . . .      Spirit   .   a - +1 robe
rPois   .          Reflect  .   (no helmet)
rElec   .          Harm     .   (no cloak)
rCorr   .          Rampage  .   d - +2 pair of gloves
Will    .....                   (no boots)
Stlth   ++........              (no amulet)
HPRegen 0.08/turn               (no ring)
MPRegen 0.10/turn               (no ring)

@: no status effects
A: claws 1, evolution 1
a: no special abilities


You were on level 3 of the Dungeon.
You visited 1 branch of the dungeon, and saw 3 of its levels.

You collected 225 gold pieces.

Inventory:

Hand Weapons
 e - a +0 club
 f - a +1 quarterstaff (weapon)
 l - a +0 glaive
Armour
 a - a +1 robe (worn)
 d - a +2 pair of gloves (worn)
Scrolls
 c - 2 scrolls of identify
 g - 3 scrolls of teleportation
 i - a scroll of enchant weapon
Potions
 b - a potion of magic
 k - 2 potions of resistance
 m - a potion of flight
 n - 2 potions of curing


   Skills:
 - Level 1.7 Dodging
 - Level 1.7 Stealth
 + Level 2.9 Spellcasting
 + Level 5.1 Necromancy


You had 5 spell levels left.
You knew the following spells:

 Your Spells              Type           Power      Damage    Failure   Level
a - Necrotise             Necr           84%        1d8       1%          1
b - Shock                 Conj/Air       8%         1d3       17%         1

Your spell library contained the following spells:

 Spells                   Type           Power      Damage    Failure   Level
 Vampiric Draining        Necr           21%        2d7       6%          3
 Animate Dead             Necr           21%        N/A       19%         4
 Gell's Gravitas          Tloc           2%         N/A       45%         3
 Swiftness                Air            2%         N/A       45%         3
 Teleport Other           Tloc           2%         N/A       45%         3
 Agony                    Necr           21%        N/A       47%         5
 Airstrike                Air            1%         2d(1-17)  86%         4
 Dispersal                Tloc           1%         N/A       100%        6


Dungeon Overview and Level Annotations

Branches:
Dungeon (3/15)

Altars:

Shops:
D:1 [   D:2 (   D:3 ?


Innate Abilities, Weirdness & Mutations

You have sharp fingernails.
You have hidden genetic potential.


Message History

Aiming: Necrotise (safe; 1% risk of failure)
Press: ? - help, Shift-Dir - straight line, f/p - orc priest
Aim: an orc priest, wielding a +0 short sword (lightly wounded, chance to affect: 80%)
The orc writhes in agony.
The orc priest looks braver for a moment.
Casting: Necrotise (safe; 1% risk of failure)
Confirm with . or Enter, or press ? or * to list all spells.
Aiming: Necrotise (safe; 1% risk of failure)
Press: ? - help, Shift-Dir - straight line, f/p - orc priest
Aim: an orc priest, wielding a +0 short sword (lightly wounded, chance to affect: 80%)
The orc writhes in agony!
You kill the orc!
The dead are walking!
The orc priest invokes the aid of Beogh against you.
Beogh smites you!
Ouch! That really hurt!
* * * LOW HITPOINT WARNING * * *
Casting: Necrotise (safe; 1% risk of failure)
Confirm with . or Enter, or press ? or * to list all spells.
Aiming: Necrotise (safe; 1% risk of failure)
Press: ? - help, Shift-Dir - straight line, f/p - orc priest
Aim: an orc priest, wielding a +0 short sword (lightly wounded, ally target, chance to affect: 80%)
The orc priest barely resists.
You hit the orc priest.
The orc priest is heavily wounded.
The orc priest barely misses you.
Your magical contamination has completely faded away.
You hit the orc priest.
The orc priest is severely wounded.
Your orc skeleton hits the orc priest.
The orc priest hits your orc skeleton with a +0 short sword.
Your orc skeleton is destroyed!
You closely miss the orc priest.
The orc priest is severely wounded.
The orc priest hits you with a +0 short sword.
* * * LOW HITPOINT WARNING * * *
The orc priest invokes the aid of Beogh against you.
Beogh smites you!
Ouch! That really hurt!
You die...

......#.#...#.#,#*,,,,,,,,,,,,**,
≈.....#.#.....#,,,,,,,,,,,,,,,**,
.≈#####,#.#..##,,,,,,,,.,,,,,,**,
≈.....,,#.....+,,,,,,,..,,,,,,**,
.......,#####.#,,,,,,...,,,,,,**,
........#####.###*,,)...,,,,,,**,
................#*,.....,,,,,,**,
..........###.#.##......,,,,,,**,
........,,* #...@oo.....,,,,,,**,
......,,,,**###.##......,,,,,,**,
.....,,,,,,∩,...#*,.....,,,,,,**,
....,,,,,,*,#....,,,.#.#**,,,,,,,
,,,,,,,,,,*,#...##**,#,.,∩,,,,,,,
,,,,,,,<,,*,#...#***,*,,,,,,,,***
,,,,,,,,,,*,##...,,,,**,,,,,,,* *
,,,,,,,,,,*,*####******,,,,,,**
***********,****,* *,,,,,,*


You could see an orc priest and an orc.

Vanquished Creatures
  An adder (D:2)
  An ufetubus (D:3)
  An orc (D:3)
  2 ball pythons
  4 endoplasms
  A giant cockroach (D:3)
  4 goblins
  2 hobgoblins (D:1)
  3 quokkas (D:1)
  6 bats (D:1)
  2 kobolds
  2 rats
29 creatures vanquished.

Vanquished Creatures (collateral kills)
  A goblin (D:1)
1 creature vanquished.

Vanquished Creatures (others)
  5 toadstools (D:1)
5 creatures vanquished.

Grand Total: 35 creatures vanquished

Notes
Turn   | Place    | Note
-------+----------+-------------------------------------------
     0 | D:1      | theswoord the Demonspawn Necromancer began the quest for
                  | the Orb.
     0 | D:1      | Reached XP level 1. HP: 13/13 MP: 3/3
   288 | D:1      | Gained mutation: You have sharp fingernails. [demonic
                  | ancestry]
   288 | D:1      | Reached XP level 2. HP: 19/19 MP: 1/5
   644 | D:1      | Found Vaohuezi's Antique Armour Boutique.
  1145 | D:2      | Found a faded altar of an unknown god.
  1224 | D:2      | Found Cin Mioli's Antique Weapon Boutique.
  1397 | D:2      | Reached skill level 5 in Necromancy
  1397 | D:2      | Reached XP level 3. HP: 24/24 MP: 1/7
  1874 | D:3      | HP: 1/24 [ufetubus (4)]
  1882 | D:3      | Gained mutation: You have hidden genetic potential. [potion
                  | of mutation]
  1885 | D:3      | Learned a level 1 spell: Shock
  2037 | D:3      | Found Mabusood's Magic Scroll Shop.
  2109 | D:3      | Killed from afar by an orc priest

Skill      XL: |  1  2 |
---------------+-------+-----
Necromancy     | 5 |  5.1
Dodging        | |  1.7
Stealth        | |  1.7
Spellcasting   | |  2.9

Action                   || total
-------------------------++-------
Melee: Club              ||    12
       Glaive            ||    17
       Quarterstaff      ||     8
 Cast: Necrotise         ||    49
  Use: Scroll            ||    14
       Potion            ||     3
 Stab: Sleeping          ||     1
Armor: Robe              ||    36
Dodge: Dodged            ||    56

Levels and vault maps discovered:
D:1:      nicolae_arrival_somewhat_less_tricky_arrival, layout_basic,
          serial_shops, shop, minmay_gold_behind_fungi
D:2:      layout_rooms, serial_shops, nicolae_shop_advertising_works
          [nicolae_subvault_shop_adworks], shapermc_ecumenical_altar_flowoftime,
          roderic_roman_lattice
D:3:      layout_basic, yredelemnul_altar_generic,
          mainiacjoe_overflow_boulevard, serial_shops, shop,
          nicolae_shop_hallway_stairs, nicolae_diamond_shop, shop
